Cogmind - Beta 13 @@@ ROGUE MODE // 2024.05.10 @ 20:19:01 Player: HourglassMan Result: Destroyed by G-50 Soldier with Heavy Laser Performance ------------- Evolutions (4) 2000 Regions Visited (7) 1400 Robots Destroyed (68) 340 Value Destroyed (1937) 1937 Prototype IDs (1) 20 Alien Tech Used (0) 0 Bonus (654) 654 TOTAL SCORE: 6351 Bonus ------- High Alert Combat Kills 34 Follower Combat Kills 120 Entered DSFs 500 Cogmind --------- Core Integrity 0/850 Matter 285/300 Energy 151/310 System Corruption 0% Temperature Cool (9) Movement Core (350) Ox6 Location -6/Extension Parts ------- > --- POWER (2) -------- Fission Core > --- PROPULSION (6) --- (None) > --- UTILITY (4) ------ Medium Storage Unit Advanced Targeting Computer > --- WEAPON (3) ------- (None) > --- INVENTORY (10) --- Armored Leg Mining Laser Peak State ------------ > --- POWER ------------ Micro Nuclear Core Light Angular Momentum Engine > --- PROPULSION ------- Carbon-fiber Leg Armored Leg Armored Leg Armored Leg Armored Leg Armored Leg > --- UTILITY ---------- Improved Cooling System Medium Storage Unit Advanced Targeting Computer Improved Medium Armor Plating > --- WEAPON ----------- Advanced Beam Rifle Plasma Cannon Flak Gun > --- INVENTORY -------- Carbon-fiber Leg Carbon-fiber Leg Armored Leg Medium Storage Unit Layered Light Armor Plating Plasma Cannon Coil Gun Improved Proton Missile Launcher Mining Laser Spear [Rating: 64] Favorites ----------- Power Micro Nuclear Core Engine Light Angular Momentum Engine Power Core Micro Nuclear Core Propulsion Aluminum Leg Treads Light Treads Leg Aluminum Leg Wheel Compact Wheel Flight Unit VTOL Module Utility Small Storage Unit Device Improved Cooling System Storage Small Storage Unit Processor Advanced Targeting Computer Protection Improved Medium Armor Plating Weapon Heavy Assault Rifle Energy Gun Advanced Beam Rifle Energy Cannon Plasma Cannon Ballistic Gun Heavy Assault Rifle Launcher Improved Proton Missile Launcher Impact Weapon Heavy Hammer Piercing Weapon Spear Build | -11 -10 -9 -8 -7 -7 -6 -6 ------- Run | Yrd Mat Mat Mat Fac DSF Fac Ext Slots Evolved 8 | . . 2 2 2 . 2 . Power 1 | . . . . 1 . . . Propulsion 4 | . . 2 . 1 . 1 . Utility 2 | . . . 1 . . 1 . Weapon 1 | . . . 1 . . . . Parts Attached 108 | 7 6 20 29 2 10 7 27 Power 15 | 1 1 3 2 1 . 2 5 Engine 10 | 1 1 3 . . . 1 4 Core 5 | . . . 2 1 . 1 1 Reactor . | . . . . . . . . Propulsion 41 | 3 2 8 12 1 6 1 8 Treads 1 | 1 . . . . . . . Leg 34 | 2 2 7 10 1 6 1 5 Wheel 4 | . . 1 2 . . . 1 Hover . | . . . . . . . . Flight 2 | . . . . . . . 2 Utility 20 | 1 1 4 8 . 1 3 2 Device 9 | . . 4 4 . . 1 . Storage 5 | 1 1 . 2 . . . 1 Processor 1 | . . . 1 . . . . Hackware . | . . . . . . . . Protection 5 | . . . 1 . 1 2 1 Artifact . | . . . . . . . . Weapon 32 | 2 2 5 7 . 3 1 12 Energy Gun 4 | . . . 3 . . . 1 Energy Cannon 3 | . . . . . 1 . 2 Ballistic Gun 17 | 2 2 4 4 . . . 5 Ballistic Cannon . | . . . . . . . . Launcher 5 | . . . . . 2 . 3 Special Weapon . | . . . . . . . . Impact Weapon 1 | . . 1 . . . . . Slashing Weapon . | . . . . . . . . Piercing Weapon 2 | . . . . . . 1 1 Special Melee Weapon . | . . . . . . . . Unidentified Prototypes 1 | . . . 1 . . . . Parts Lost 54 | . . 11 7 . 9 . 27 Power 7 | . . 2 . . 1 . 4 Propulsion 25 | . . 6 3 . 5 . 11 Utility 8 | . . 1 3 . . . 4 Weapon 14 | . . 2 1 . 3 . 8 Highest Loss Streak 20 | . . 5 3 . 8 . 20 To Critical Strikes 1 | . . . . . . . 1 Average Slot Usage (%) 87 | . 96 79 91 100 80 95 86 Engine 5 | . 14 9 2 . . 2 4 Core 4 | . . . 6 15 8 10 3 Leg 28 | . 27 23 26 38 26 40 33 Wheel 3 | . . 2 6 . . . . Device 6 | . . 4 10 7 2 2 5 Storage 11 | . 26 17 9 7 7 6 6 Processor 2 | . . . . 7 7 6 6 Protection 2 | . . . 3 . 4 6 4 Energy Gun 4 | . . . 8 7 7 6 2 Energy Cannon 1 | . . . . . 3 6 4 Ballistic Gun 11 | . 26 12 13 15 8 . 6 Impact Weapon 3 | . . 9 4 . . . . Naked Turns . | . . . . . . . . Heaviest Build 52 | 10 14 19 27 33 33 52 49 Greatest Support 95 | 20 20 40 40 50 79 95 95 Greatest Overweight (x) 9 | . 3 6 2 . 2 . 9 Average Overweight (x) . | . . . . . . . . Largest Inventory Capacity 10 | 8 8 8 10 10 10 10 10 Average Capacity 8 | 7 8 8 8 10 10 10 10 Most Carried 10 | 5 7 8 10 8 10 10 10 Average Carried 7 | 3 5 7 8 7 9 8 8 Final Capacity 10 | 8 8 8 10 10 10 10 10 Final Carried 10 | 4 7 8 9 7 10 10 2 Class Distribution -------------------- 41% | Mutant 21% | Scavenger-Mutant 18% | Gunner 11% | Scavenger-Tank 7% | Scavenger-Gunner Dominant Class ---------------- Mutant | -10/Materials Mutant | -9/Materials Scavenger-Mutant | -8/Materials Scavenger-Mutant | -7/Factory Gunner | -7/DSF Mutant | -6/Factory Gunner | -6/Extension Resources | -11 -10 -9 -8 -7 -7 -6 -6 ----------- Run | Yrd Mat Mat Mat Fac DSF Fac Ext Matter Collected 1915 | 231 145 455 392 . 189 132 371 Remotely . | . . . . . . . . Salvage Created 3057 | . 158 655 1024 . 291 241 688 Parts 138 | . 10 32 50 . 12 7 27 Haulers Intercepted . | . . . . . . . . Recyclers Shooed 4 | . . 1 . . . . 3 Parts Field Recycled . | . . . . . . . . Retrieved Matter . | . . . . . . . . Parts Self-Destructed . | . . . . . . . . Prevented . | . . . . . . . . Kills | -11 -10 -9 -8 -7 -7 -6 -6 ------- Run | Yrd Mat Mat Mat Fac DSF Fac Ext Combat Hostiles Destroyed 48 | . 6 13 15 . 3 2 9 Guns 35 | . 6 13 13 . 1 . 2 Cannons 9 | . . . . . 2 1 6 AOE 3 | . . . 2 . . . 1 Classes Destroyed 11 | . 2 4 3 . 2 . . Worker 7 | . . 1 6 . . . . Builder 2 | . . . 2 . . . . Tunneler 2 | . . 2 . . . . . Recycler 6 | . . 1 2 . . 1 2 Watcher 3 | . . . 2 . . . 1 Swarmer 13 | . 3 3 4 . . . 3 Grunt 21 | . 3 7 6 . . 2 3 Brawler 1 | . . . 1 . . . . Sentry 10 | . . 3 4 . . . 3 Hunter 2 | . . . . . 2 . . Heavy 1 | . . . . . 1 . . Best Kill Streak 9 | . 4 4 9 . 1 3 4 Combat Bots Only 4 | . 4 4 4 . 1 2 3 Max Kills in Single Turn 2 | . 2 1 2 . 1 1 2 Gunslinging 1 | . 1 . 1 . . . . Exploded 2 | . . . 2 . . . 1 Melee . | . . . . . . . . Uniques/NPCs Destroyed . | . . . . . . . . Combat | -11 -10 -9 -8 -7 -7 -6 -6 -------- Run | Yrd Mat Mat Mat Fac DSF Fac Ext Hostile Shots Fired 924 | . 48 148 84 . 68 4 572 Missed 286 | . 9 37 21 . 14 . 205 Damage Taken 8879 | . 342 1205 1047 . 1187 77 5021 Core 1462 | . 79 255 137 . 122 . 869 Absorbed by Shields . | . . . . . . . . Core Remaining (%) 72 | 100 68 36 75 . 82 . . Volleys Fired 179 | . 19 68 38 . 15 4 35 Largest 3 | . 2 2 3 . 3 2 3 Hottest 216 | . 40 43 107 . 159 136 216 Shots Fired 346 | . 38 77 91 . 42 8 90 Gun 296 | . 38 77 91 . 30 4 56 Cannon 42 | . . . . . 7 4 31 Launcher 8 | . . . . . 5 . 3 Special . | . . . . . . . . Kinetic 230 | . 38 77 53 . 15 . 47 Thermal 88 | . . . 18 . 22 8 40 Explosive 3 | . . . . . 3 . . Electromagnetic 25 | . . . 20 . 2 . 3 Robot Hit Streak 15 | . 7 12 10 . 15 8 14 Robot Miss Streak 5 | . 4 5 5 . 3 1 4 Penetration Max . | . . . . . . . . Secondary Targets 7 | . 2 . 5 . . . . Max Gunslinging Chain 1 | . 1 . 1 . . . . Shots Hit Robots 253 | . 24 59 67 . 30 8 65 Core Hits 148 | . 11 24 39 . 12 4 58 Critical Kills 2 | . . . 1 . . 1 . Critical Parts Destroyed 4 | . . 2 2 . . . . Critical Strikes 9 | . . 2 3 . . 1 3 Burn 2 | . . . . . . . 2 Meltdown 1 | . . . . . . 1 . Destroy 2 | . . 1 . . . . 1 Smash 4 | . . 1 3 . . . . Melee Attacks 12 | . . 3 8 . . 1 . Impact 11 | . . 3 8 . . . . Slashing . | . . . . . . . . Piercing 1 | . . . . . . 1 . Sneak Attacks 12 | . . 3 8 . . 1 . Combat Hostiles . | . . . . . . . . Follow-up Attacks . | . . . . . . . . Damage Inflicted 6118 | . 219 1113 1885 . 818 207 1876 Guns 3473 | . 208 854 993 . 355 60 1003 Cannons 831 | . . . . . 150 100 581 Explosions 851 | . . . 247 . 313 . 291 Melee 951 | . . 259 645 . . 47 . Ramming 12 | . 11 . . . . . 1 Kinetic 2527 | . 208 854 467 . 115 . 883 Thermal 1778 | . . . 527 . 390 160 701 Explosive 311 | . . . . . 311 . . Electromagnetic 539 | . . . 246 . 2 . 291 Impact 904 | . . 259 645 . . . . Slashing . | . . . . . . . . Piercing 47 | . . . . . . 47 . Highest Corruption 1 | . . 1 . . . . . Average Corruption 1 | . . 1 . . . . . Corruption Purged . | . . . . . . . . Corruption Blocked . | . . . . . . . . Effects 4 | . . 4 . . . . . Message Errors 3 | . . 3 . . . . . Matter Fused 1 | . . 1 . . . . . Overload Shots . | . . . . . . . . Overflow Damage 467 | . . 214 253 . . . . Projectiles . | . . . . . . . . Explosions . | . . . . . . . . Melee 467 | . . 214 253 . . . . Knockbacks 1 | . 1 . . . . . . Impact 1 | . 1 . . . . . . Kinetic . | . . . . . . . . Secondary . | . . . . . . . . Self-Inflicted Damage 163 | . . . 118 . . . 45 Shots 5 | . . . 3 . . . 2 Rammed . | . . . . . . . . Targets Rammed 2 | . 1 . . . . . 1 Kicked 2 | . 1 . . . . . 1 Crushed . | . . . . . . . . Highest Temperature 436 | . 6 25 360 . 66 436 227 Average Temperature 90 | . 6 3 102 . 31 254 47 Received Heat Transfer 2220 | . 90 414 477 . . 54 1185 Effects 5 | . . . 2 . . 3 . Shutdowns 2 | . . . 1 . . 1 . Energy Bleed 1 | . . . 1 . . . . Interference 2 | . . . . . . 2 . Siege Activations . | . . . . . . . . Robots Corrupted . | . . . . . . . . Combat Hostiles . | . . . . . . . . Parts Fried 15 | . . 6 9 . . . . Impact Corruptions 13 | . . 5 8 . . . . Robots Melted 1 | . . . . . . 1 . Combat Hostiles 1 | . . . . . . 1 . Parts Melted 4 | . . . . . 1 . 3 Heat Transferred 3261 | . . . 868 . 666 259 1468 Parts Sabotaged . | . . . . . . . . Parts Stolen . | . . . . . . . . Parts Stripped . | . . . . . . . . Power Chain Reactions 4 | . . . 4 . . . . Alert | -11 -10 -9 -8 -7 -7 -6 -6 ------- Run | Yrd Mat Mat Mat Fac DSF Fac Ext Peak Influence 452 | . 155 335 452 137 129 107 250 Initial 137 | . . 65 69 137 99 62 51 Average 178 | . 67 186 289 137 92 83 119 Maximum Alert Level 2 | . . 1 2 . . . 1 Low Security (%) 58 | 100 100 53 14 100 100 100 81 Level 1 34 | . . 46 63 . . . 18 Level 2 7 | . . . 22 . . . . Level 3 . | . . . . . . . . Level 4 . | . . . . . . . . Level 5 . | . . . . . . . . High Security . | . . . . . . . . Max Security . | . . . . . . . . Squads Dispatched 8 | . 1 2 1 1 1 . 2 Investigation 4 | . . 2 . 1 . . 1 Extermination . | . . . . . . . . Reinforcement 4 | . 1 . 1 . 1 . 1 Assault . | . . . . . . . . Garrison . | . . . . . . . . Intercept . | . . . . . . . . Searches Triggered . | . . . . . . . . Construction Impeded 1 | . . . . . . . 1 Haulers Reinforced . | . . . . . . . . Active Scanning Responses . | . . . . . . . . Cargo Convoy Interrupts . | . . . . . . . . Stealth | -11 -10 -9 -8 -7 -7 -6 -6 --------- Run | Yrd Mat Mat Mat Fac DSF Fac Ext Distress Signals 4 | . 2 . 1 . . . 1 Communications Jammed . | . . . . . . . . Distress Signals . | . . . . . . . . Times Spotted 92 | . 9 21 25 . 4 2 31 Peak Tracking Total 10 | . 7 7 5 . 1 2 10 Tactical Retreats 11 | . . . 4 . . . 7 Traps | -11 -10 -9 -8 -7 -7 -6 -6 ------- Run | Yrd Mat Mat Mat Fac DSF Fac Ext Traps Triggered 6 | . 2 . 3 . 1 . . Indirectly . | . . . . . . . . Trap Hack Attempts . | . . . . . . . . Triggered . | . . . . . . . . Disarmed . | . . . . . . . . Reprogrammed . | . . . . . . . . Reused . | . . . . . . . . Traps Extracted . | . . . . . . . . Installed . | . . . . . . . . Triggered . | . . . . . . . . Machines | -11 -10 -9 -8 -7 -7 -6 -6 ---------- Run | Yrd Mat Mat Mat Fac DSF Fac Ext Machines Disabled 3 | . . 1 2 . . . . Max in Single Turn 1 | . . 1 1 . . . . Machines Repaired . | . . . . . . . . Machines Dismantled . | . . . . . . . . Machines Sabotaged . | . . . . . . . . Overloaded Fab Kills . | . . . . . . . . Hacking | -11 -10 -9 -8 -7 -7 -6 -6 --------- Run | Yrd Mat Mat Mat Fac DSF Fac Ext Machines Accessed 15 | . . 4 3 1 . 2 5 Terminals 12 | . . 3 2 1 . 2 4 Fabricators . | . . . . . . . . Repair Stations . | . . . . . . . . Recycling Units 2 | . . 1 . . . . 1 Scanalyzers 1 | . . . 1 . . . . Garrison Access . | . . . . . . . . Total Hacks 39 | . . 13 7 3 . 3 13 Successful 15 | . . 3 5 1 . 2 4 Failed 24 | . . 10 2 2 . 1 9 Catastrophic 5 | . . 2 . . . . 3 Database Lockouts . | . . . . . . . . Manual 4 | . . 2 2 . . . . Terminals 32 | . . 11 3 3 . 3 12 Fabricators . | . . . . . . . . Repair Stations . | . . . . . . . . Recycling Units 3 | . . 2 . . . . 1 Scanalyzers 4 | . . . 4 . . . . Garrison Access . | . . . . . . . . Terminal Hacks 10 | . . 3 1 1 . 2 3 Record 1 | . . 1 . . . . . Open Door 3 | . . . . . . 1 2 Open DSF 2 | . . . . 1 . 1 . Alert Level 1 | . . . . . . . 1 Investigation Status 1 | . . . 1 . . . . Hauler Manifests 1 | . . 1 . . . . . Zone Layout 1 | . . 1 . . . . . Fabricator Hacks . | . . . . . . . . Repair Station Hacks . | . . . . . . . . Recycling Unit Hacks 1 | . . . . . . . 1 Report Inventory 1 | . . . . . . . 1 Scanalyzer 4 | . . . 4 . . . . Insert Component 2 | . . . 2 . . . . Analyze 2 | . . . 2 . . . . Garrison Access Hacks . | . . . . . . . . Unauthorized Hacks . | . . . . . . . . Terminals . | . . . . . . . . Fabricators . | . . . . . . . . Repair Stations . | . . . . . . . . Recycling Units . | . . . . . . . . Scanalyzers . | . . . . . . . . Garrison Access . | . . . . . . . . Data Cores Recovered . | . . . . . . . . Used . | . . . . . . . . Hacking Detections 11 | . . 4 2 1 . . 4 Full Trace Events 6 | . . 3 1 1 . . 1 Feedback Events 1 | . . 1 . . . . . Corruption 1 | . . 1 . . . . . Feedback Blocked . | . . . . . . . . Robot Schematics Acquired . | . . . . . . . . Robots Built . | . . . . . . . . Authchips . | . . . . . . . . Time . | . . . . . . . . Total Robot Build Rating . | . . . . . . . . Part Schematics Acquired 2 | . . . 2 . . . . Parts Built . | . . . . . . . . Authchips . | . . . . . . . . Time . | . . . . . . . . Total Part Build Rating . | . . . . . . . . Parts Repaired . | . . . . . . . . Time . | . . . . . . . . Parts Recycled . | . . . . . . . . Recycled Matter . | . . . . . . . . Retrieved Matter . | . . . . . . . . Retrieved Components . | . . . . . . . . Parts Scanalyzed 2 | . . . 2 . . . . Part Schematics Acquired 2 | . . . 2 . . . . Parts Damaged . | . . . . . . . . Bothacking | -11 -10 -9 -8 -7 -7 -6 -6 ------------ Run | Yrd Mat Mat Mat Fac DSF Fac Ext Used RIF Installer . | . . . . . . . . Robots Hacked . | . . . . . . . . Non-combat . | . . . . . . . . Combat . | . . . . . . . . Robot Hacks Applied . | . . . . . . . . Relay Couplers Released . | . . . . . . . . Fabnet Peak Effective % . | . . . . . . . . Robots Rewired . | . . . . . . . . Allies Hacked . | . . . . . . . . Hacks Repelled . | . . . . . . . . Allies | -11 -10 -9 -8 -7 -7 -6 -6 -------- Run | Yrd Mat Mat Mat Fac DSF Fac Ext Total Allies 3 | . . . . . . . 3 Largest Group 3 | . . . . . . . 3 Highest-Rated Group 76 | . . . . . . . 76 Highest-Rated Ally 31 | . . . . . . . 31 Total Orders . | . . . . . . . . Ally Attacks 14 | . . . . . . . 14 Total Damage 355 | . . . . . . . 355 Kills 3 | . . . . . . . 3 Allies Corrupted . | . . . . . . . . Allies Melted . | . . . . . . . . Intel | -11 -10 -9 -8 -7 -7 -6 -6 ------- Run | Yrd Mat Mat Mat Fac DSF Fac Ext Robot Analysis Total . | . . . . . . . . Derelict Logs Recovered . | . . . . . . . . Drone Launches . | . . . . . . . . Drone Recoveries . | . . . . . . . . Exploration | -11 -10 -9 -8 -7 -7 -6 -6 ------------- Run | Yrd Mat Mat Mat Fac DSF Fac Ext Turns Passed 2708 | 75 203 561 900 13 238 154 564 Spaces Moved 1499 | 51 110 288 531 10 123 101 285 Core 18 | 4 1 8 . . . . 5 Treads 3 | 3 . . . . . . . Legs 1464 | 44 109 280 530 10 123 101 267 Wheels 2 | . . . 1 . . . 1 Hover . | . . . . . . . . Flight 12 | . . . . . . . 12 Fastest Speed 50 | 50 120 120 110 120 120 120 115 Average Speed 128 | 116 123 125 127 120 135 120 138 Slowest Speed 540 | 160 200 350 260 120 260 120 540 Overloaded Moves . | . . . . . . . . Propulsion Burnouts . | . . . . . . . . Robots Hopped . | . . . . . . . . Cave-ins Triggered . | . . . . . . . . Exploration Rate (%) 32 | 3 22 26 43 . 90 4 38 Regions Visited 7 Branch Regions 1 Pre-discovered Areas . | . . . . . . . . Known Exits Taken 1 | . . . . 1 . . . Unknown Exits Taken 5 | 1 1 1 1 . . 1 . Scrap Searched . | . . . . . . . . Spaces Dug . | . . . . . . . . Terrain Destroyed 31 | . . . 21 . 10 . . Melee . | . . . . . . . . Projectile . | . . . . . . . . AOE 31 | . . . 21 . 10 . . Terrain Rammed . | . . . . . . . . Walls Destroyed . | . . . . . . . . Machines Disabled . | . . . . . . . . Actions | -11 -10 -9 -8 -7 -7 -6 -6 --------- Run | Yrd Mat Mat Mat Fac DSF Fac Ext Total 1957 | 63 144 414 662 11 159 125 379 Wait 76 | . 5 20 26 . . 4 21 Move 1492 | 50 109 287 530 9 122 100 285 Hop . | . . . . . . . . Pick Up 43 | 5 3 7 13 . 7 6 2 Fast Attach 55 | 6 5 10 18 . 5 . 11 Attach 29 | . . 5 4 2 2 6 10 Detach 5 | . . 1 2 . . 1 1 Swap 24 | 1 1 5 7 . 3 1 6 Drop 39 | 1 1 8 16 . 4 2 7 Fire 179 | . 19 68 38 . 15 4 35 Melee 12 | . . 3 8 . . 1 . Ram . | . . . . . . . . Kick 2 | . 1 . . . . . 1 Crush . | . . . . . . . . Escape Stasis 1 | . . . . . 1 . . Rewire . | . . . . . . . . Trap . | . . . . . . . . Miscellaneous . | . . . . . . . . Route ------- -11/Scrapyard -10/Materials -9/Materials -8/Materials -7/Factory -7/DSF -6/Factory -6/Extension History --------- Turn | Location | Event 35 | -11/Scrapyard | Discovered new exit (range 14) 76 | -11/Scrapyard | Entered Materials 248 | -10/Materials | Discovered new exit (range 15) 279 | -10/Materials | Entered another Materials area 279 | -9/Materials | Evolved 2 slots: Propulsion x2 310 | -9/Materials | Build established: Mutant 427 | -9/Materials | Lost 4 parts (1p2n1w) 689 | -9/Materials | Lost 5 parts (1p2n1u1w) 752 | -9/Materials | Core integrity fell below 50% 822 | -9/Materials | Discovered new exit (range 16) 840 | -9/Materials | Entered another Materials area 840 | -8/Materials | Evolved 2 slots: Utility x1, Weapon x1 1453 | -8/Materials | Lost 3 parts (1n1u1w) 1613 | -8/Materials | Build established: Scavenger-Tank 1664 | -8/Materials | Discovered new exit (range 16) 1740 | -8/Materials | Entered Factory 1740 | -7/Factory | Evolved 2 slots: Power x1, Propulsion x1 1753 | -7/Factory | Identified exit to DSF 1753 | -7/Factory | Entered DSF 1799 | -7/DSF | Additional patrols routed to DSF 1836 | -7/DSF | Lost 8 parts (1p5n2w) 1963 | -7/DSF | Discovered new exit (range 16) 1991 | -7/DSF | Entered Factory 1991 | -6/Factory | Evolved 2 slots: Propulsion x1, Utility x1 2141 | -6/Factory | Discovered new exit (range 5) 2145 | -6/Factory | Entered Extension 2250 | -6/Extension | Rescued a captive Derelict 2251 | -6/Extension | Rescued a captive Derelict 2286 | -6/Extension | Rescued a captive Derelict 2470 | -6/Extension | Disrupted transfer network 2490 | -6/Extension | Build established: Gunner 2493 | -6/Extension | Spotted B-75 Beast 2499 | -6/Extension | Spotted B-75 Beast 2574 | -6/Extension | Lost 7 parts (2p1n1u3w) 2618 | -6/Extension | Core integrity fell below 50% 2687 | -6/Extension | Core integrity fell below 20% 2709 | -6/Extension | Destroyed by G-50 Soldier with Heavy Laser Last Messages --------------- Penetrated by Slug. VTOL Module destroyed. C-30 ARC bursts open, deploying its payload. G-50 Soldier unfolds itself. Slug penetrates G-50 Soldier. Arm. Leg destroyed. Penetrated by Slug. Critical hit (Destroy). Imp. Proton Missile Launcher destroyed. Slug penetrates Wall. Carbon-fiber Leg destroyed. Slug penetrates Wall. Critical hit (Burn: +37). Slug penetrates Wall. Spear destroyed. Slug penetrates Wall. Acquired Fission Core. Slug penetrates Wall. Penetrated by Slug. Med. Storage Unit destroyed. Map ----- +----------------------------------------------------+ | | | | | | | | | | | | | | | | | | | | | ?????????????????????????????????????????????????? | | ?????????????????????????????????????????????????? | | ???????????????#####????????????########?????????? | | ????????######?# ############## ]% #?????????? | | #???????# ### + =#?????????? | | ######### + ####### [%[ #?????????? | | / # #?????# *[=[ #?????????? | | ### # #?????# % %% #?????????? | | #?# + ####### #?????# [!= #?????????? | | #?# # ####????## #?????#/###+##?????????? | | #?###### #???????# ###### ## "########??? | | #??????# #???????# = "%"= #??? | | #??????#+#???????# ######### %%### #??? | | ????????????###;########### ##?# #??? | | # #####???????????# * g[h % #??#= #??? | | # #???????????????# g@ # ##?# * #??? | | #######???????????????# l # #?#% !!#??? | | ??????????????????????#[g g #?# !* #??? | | ??????????????????????# ####### #?#! % #??? | | ??????????????????????# #?????#####?# [/!#??? | | ??????????????????????########???????????# % #??? | | ?????????????????????????????????????????#%! %#??? | | ?????????????????????????????????????#####/## #??? | | ?????????????????????????????????????# # #??? | | ?????????????????????????????????????# ! # #??? | | ?????????????????????????????????????# ] + #??? | | ?????????????????????????????????????# ! #!#??? | | ?????????????????????????????????????# # #??? | | ?????????????????????????????????????#] # #??? | | ?????????????????????????????????????########%##?? | | ????????????????????????????????????????????# # #? | | ??????????????????????????????????????????###%##" | | ??????????????????????????????????????????# | | ??????????????????????????????????????????# " | | ?????????????????????????????????????????## % % | | ?????????????????????????????????????????## "% | | ??????????????????????????????????????????# = | | ?????????????????????????????????????????? % | | ????????????????????????????????????????? | | ???????????????????????????????????????? | +----------------------------------------------------+ Best States ------------- Heat Dissipation 64 Energy Generation 28 Energy Capacity 315 Matter Stores 400 Matter Capacity 400 Sight Range 16 Terrain Scan Density 10 ECM Strength 1 Armor Coverage 600 Evasion (%) 55 Targeting Accuracy 8 Recoil Reduction 1 Particle Charging 15 Trap Extractor Capacity 6 Item Schematics ----------------- Carbon-fiber Leg | -8/Materials | Scanalyzed Mic. Nuclear Core | -8/Materials | Scanalyzed Robot Schematics ------------------ None Fabricated ------------ Nothing Alien Tech Used ----------------- None Achievements -------------- More Dakka Please Challenges ------------ None Game ------ Seed DeepThermoelectricBlade Manual? 0 Play Time 00:42:10 Cumulative 12.0 hours Start 2024.05.10 @ 19:33:52 End 2024.05.10 @ 20:19:01 Sessions 1 Manual Loads 0 Difficulty Rogue Special Mode None Game No. 29 Rogue 29 Adventurer 0 Explorer 0 Win Type - Total 0 Types 0/0/0/0/0/0/0/0/0 Lore% 14 Gallery% 17 Achievement% 15 Wizard Run 0 Options --------- Layout 1 ASCII 0 Keyboard 1 Movement Numpad Keybinds 0 Fullscreen 1 Font 24/Smallcaps Map View 50x35 Zoom Use 33% Tactical HUD 0 Map Filters NONE Filters NONE Steam 1 RUN: e2497934-a1b0-416f-8e1f-5052b02435ae